 Dungeon Crawl Stone Soup version 0.18-a0-1350-g404b4cb (webtiles) character file.

207505 Duffy the Unseen (level 18, -1/93 HPs)
             Began as a Spriggan Enchanter on Feb 18, 2016.
             Was a High Priest of Dithmenos.
             Drowned by a water nymph (13 damage)
             ... on level 1 of the Shoals.
             The game lasted 01:56:40 (42635 turns).

Duffy the Unseen (Spriggan Enchanter)              Turns: 42635, Time: 01:56:40

Health: -1/93      AC: 11    Str:  4    XL:     18   Next: 47%
Magic:  27/34      EV: 31    Int: 22    God:    Dithmenos [*****.]
Gold:   400        SH:  0    Dex: 19    Spells: 8 memorised, 18 levels left

rFire  . . .     SeeInvis +     w - +2 dagger (venom)
rCold  . . .     Gourm    .     C - +1 robe {MR+}
rNeg   + . .     Faith    +     (shield restricted)
rPois  .         Spirit   .     y - +1 hat
rElec  .         Dismiss  .     Z - +2 cloak
rCorr  .         Reflect  .     (gloves unavailable)
SustAt .         Harm     .     (boots unavailable)
MR     ++++.                    T - amulet of faith
Stlth  ++++++++++               R - +4 ring of protection
                                N - ring of Shadows {Umbra +Inv rN+ SInv}

@: wreathed by umbra, very quick, incredibly resistant to hostile enchantments,
uncannily stealthy
A: unfitting armour, see invisible, blink, herbivore 3, speed 3, slow metabolism
2
a: Blink, Shadow Step, Shadow Form, Renounce Religion, Evoke Invisibility


You were on level 1 of the Shoals.
You worshipped Dithmenos.
Dithmenos was extremely pleased with you.
You were not hungry.

You visited 5 branches of the dungeon, and saw 30 of its levels.
You visited 1 bazaar.
You also visited: Volcano.

You collected 2904 gold pieces.
You spent 2504 gold pieces at shops.


Innate Abilities, Weirdness & Mutations

You are tiny and cannot use many weapons and most armour.
You have supernaturally acute eyesight.
You are an herbivore.
You cover ground extremely quickly.
You need consume almost no food.
You can translocate small distances at will.


   Skills:
 - Level 10.0 Fighting
 - Level 10.0 Short Blades
 - Level 14.0 Dodging
 - Level 18.0 Stealth
 - Level 11.5 Spellcasting
 + Level 11.8 Conjurations
 - Level 10.0 Hexes
 - Level 5.0 Ice Magic
 - Level 13.0 Earth Magic
 - Level 4.4 Invocations
 - Level 5.0 Evocations


You had 18 spell levels left.
You knew the following spells:

 Your Spells              Type           Power        Failure   Level  Hunger
a - Ensorcelled Hibernat  Hex/Ice        #####.       1%          2    None
b - Apportation           Tloc           ##........   8%          1    None
c - Confuse               Hex            ######..     1%          3    None
j - Dazzling Spray        Conj/Hex       ######..     1%          3    None
k - Iron Shot             Conj/Erth      ######....   6%          6    #####..
l - Tukima's Dance        Hex            ######..     1%          3    None
r - Corona                Hex            ######.      1%          1    None
w - Ozocubu's Armour      Chrm/Ice       ###.....     8%          3    None

Inventory:

Hand Weapons
 g - a +0 dagger of pain
 w - a +2 dagger of venom (weapon)
 Y - a +4 blowgun
Missiles
 f - 144 poisoned needles
 F - a throwing net (quivered)
 G - 13 curare-tipped needles
Armour
 y - a +1 hat (worn)
 C - a +1 robe of magic resistance (worn)
 I - a +1 buckler of fire resistance
 Z - a +2 cloak (worn)
Magical Staves
 c - an uncursed staff of energy {!a}
Jewellery
 r - an uncursed ring of positive energy
 x - an uncursed ring of protection from fire
 L - an uncursed ring of sustain attributes
 N - the ring of Shadows (left hand) {Umbra +Inv rN+ SInv}

   [ring of positive energy]

   It protects you from negative energy.
   It lets you see invisible.
   It lets you turn invisible.
 R - a +4 ring of protection (right hand)
 T - an amulet of faith (around neck)
Wands
 a - a wand of teleportation (2/9)
 l - a wand of enslavement (11/24)
 m - a wand of iceblast (6/15)
 K - a wand of iceblast (10/15)
 V - a wand of teleportation (6/9)
 W - a wand of acid (11/15)
 X - a wand of digging (14/24)
Scrolls
 b - a scroll of silence
 e - a scroll of amnesia
 h - 6 scrolls of fog
 i - 4 scrolls of enchant weapon
 j - 11 scrolls of remove curse
 k - 12 scrolls of teleportation
 o - 3 scrolls of holy word
 t - 5 scrolls of recharging
 u - 5 scrolls of blinking
 M - 2 scrolls of enchant armour
 P - a scroll of fear
 S - 2 scrolls of magic mapping
 U - a scroll of vulnerability
Potions
 n - 7 potions of flight
 p - 8 potions of curing {unknown}
 q - 2 potions of resistance {unknown}
 s - 4 potions of brilliance
 v - 2 potions of invisibility
 z - 5 potions of might
 A - 5 potions of heal wounds
 B - 2 potions of cancellation
 D - 8 potions of haste
 H - 2 potions of ambrosia
 J - 4 potions of agility
 O - 4 potions of magic
Comestibles
 d - 4 bread rations
 E - 13 slices of pizza
 Q - 10 fruits

Dungeon Overview and Level Annotations

Branches:
Dungeon (15/15)            Temple (0/1) D:4            Lair (8/8) D:10
 Shoals (2/4) Lair:3        Snake (0/4) Lair:4        Slime (0/6) Lair:7
    Orc (2/2) D:11            Elf (3/3) Orc:2        Vaults (0/5) D:13
 Depths (0/5) D:15

Altars:
Cheibriados
Dithmenos
Elyvilon
Fedhas
Gozag
Kikubaaqudgha
Makhleb
Nemelex Xobeh
Okawaru
Pakellas
Qazlal
Sif Muna
Trog
Vehumet
Xom
Yredelemnul
Zin
Beogh

Shops:
D:5 *   D:7 %   D:15 :   Orc:2 *[=(

Portals:
Hell: Lair:8
Trove: D:13 (give 20 potions of curing)

Annotations:
D:9 exclusion: door
Lair:6 1 exclusion
Elf:2 exclusion: downstairs
Elf:3 exclusion: Roxanne, Roxanne


Message History

Press: ? - help, Shift-Dir - straight line, f - merfolk
Aim: a merfolk, wielding a trident (umbra, chance to defeat MR: 52%)
The merfolk resists with some effort.
The siren chants a haunting song.
You resist with almost no effort. The merfolk misses you.
The merfolk hits you from afar with a trident!!
The water nymph touches you. The water nymph drowns you!
The siren barely misses you.
You climb upwards.
There is a stone staircase leading down here.
Cast which spell? (? or * to list)
Aiming: Ensorcelled Hibernation
Press: ? - help, Shift-Dir - straight line, f - water nymph
Aim: a water nymph (umbra, chance to defeat MR: 9%)
The water nymph resists with almost no effort.
Your shadow mimicks your spell!
The water nymph resists with almost no effort.
The water nymph misses you.
Cast which spell? (? or * to list)
Aiming: Ensorcelled Hibernation
Press: ? - help, Shift-Dir - straight line, f/p - water nymph
Aim: a water nymph (umbra, chance to defeat MR: 9%)
The water nymph resists with almost no effort.
Your shadow mimicks your spell!
The water nymph resists with almost no effort.
The water nymph completely misses you.
Cast which spell? (? or * to list)
Aiming: Ensorcelled Hibernation
Press: ? - help, Shift-Dir - straight line, f/p - water nymph
Aim: a water nymph (umbra, chance to defeat MR: 9%)
The water nymph resists with almost no effort.
Your shadow mimicks your spell!
The water nymph resists with almost no effort.
The water nymph touches you! The water nymph drowns you!
You die...

~~~~~~~~~~~~~~~~~~...## ##
~~~~~~~~~~~~~~~~~....#
~~~~~~~~~~~~~~~~.....#
~~~~~~~~~~~~~~.......# #####
~~~~~~~~~~~~~........####....
~~~~~~~~~~~~~..#....~...~~~..
~~~~~~~~~~~~~......~~~~~~~~~~
~~~~~~~~~~~m~....~~~~~~~~~~~~
~~~~~~~~@.~~~.~~..~~~..~~
~~~~~~~~~~~......~~....~
~~~~~~.~~.....~...(..##~
~~~~~~....###....##.....
~~~~~....####.....##...~
~~~~~....###..........~~
~~~~......###......#..~~
~~~~...........##..#...P
~~~~~......~~.P.......~P


You could see a water nymph.

Action                   |  1- 3 |  4- 6 |  7- 9 | 10-12 | 13-15 | 16-18 || total
-------------------------+-------+-------+-------+-------+-------+-------++-------
Melee: Dagger            |   118 |   108 |   228 |   463 |   732 |   461 ||  2110
 Fire: Blowgun           |       |       |       |       |   158 |       ||   158
 Cast: Confuse           |       |     3 |    19 |   105 |    90 |   159 ||   376
       Ensorcelled Hiber |       |    19 |    68 |   136 |   317 |   224 ||   764
       Tukima's Dance    |       |       |     3 |    43 |     9 |    33 ||    88
       Dazzling Spray    |       |       |       |    10 |    84 |     8 ||   102
       Ozocubu's Armour  |       |       |       |     2 |       |       ||     2
       Iron Shot         |       |       |       |       |       |    42 ||    42
Invok: Shadow Step       |       |       |       |       |     1 |    11 ||    12
 Abil: Evoke Invisibilit |       |       |       |       |       |     2 ||     2
       Turn Visible      |       |       |       |       |       |     2 ||     2
  Use: Scroll            |       |       |       |    18 |    12 |     3 ||    33
       Potion            |       |       |       |       |     1 |     2 ||     3
 Stab: Sleeping          |    14 |    17 |    70 |   131 |   371 |   173 ||   776
       Confused          |       |     3 |    11 |    51 |    41 |    56 ||   162
       Distracted        |       |     1 |     4 |       |       |     1 ||     6
       Invisible         |       |       |       |       |    30 |    13 ||    43
  Eat: Bread ration      |       |       |     1 |     1 |     2 |     1 ||     5
       Fruit             |       |       |       |     2 |       |     3 ||     5
       Royal jelly       |       |       |       |       |       |     2 ||     2

Notes
Turn   | Place    | Note
--------------------------------------------------------------
     0 | D:1      | Duffy the Spriggan Enchanter began the quest for the Orb.
     0 | D:1      | Reached XP level 1. HP: 9/9 MP: 5/5
   128 | D:1      | Reached skill level 3 in Spellcasting
   304 | D:1      | Reached XP level 2. HP: 13/13 MP: 7/7
   321 | D:1      | Learned a level 2 spell: Ensorcelled Hibernation
   580 | D:1      | Reached skill level 5 in Stealth
  1474 | D:2      | Found a shimmering altar of Xom.
  1526 | D:2      | Reached XP level 3. HP: 16/16 MP: 9/9
  1581 | D:2      | Reached skill level 4 in Spellcasting
  1592 | D:2      | Learned a level 3 spell: Confuse
  1596 | D:2      | Learned a level 3 spell: Tukima's Dance
  1739 | D:2      | Found a sparkling altar of Nemelex Xobeh.
  1754 | D:2      | Reached skill level 2 in Short Blades
  1812 | D:2      | Found a burning altar of Makhleb.
  2211 | D:3      | Reached XP level 4. HP: 21/21 MP: 11/11
  2351 | D:3      | Noticed Sigmund
  2354 | D:3      | Noticed Duffy's ghost (amateur SpEn)
  2378 | D:3      | Killed Duffy's ghost
  2378 | D:3      | Reached skill level 3 in Short Blades
  2378 | D:3      | Reached skill level 6 in Stealth
  2378 | D:3      | Reached skill level 5 in Spellcasting
  2378 | D:3      | Reached XP level 5. HP: 21/24 MP: 5/14
  2396 | D:3      | Killed Sigmund
  2396 | D:3      | Reached skill level 6 in Spellcasting
  2396 | D:3      | Reached XP level 6. HP: 25/28 MP: 4/16
  2477 | D:3      | Learned a level 3 spell: Dazzling Spray
  2545 | D:3      | Reached skill level 7 in Spellcasting
  2715 | D:3      | Found an iron altar of Okawaru.
  3310 | D:4      | Found a shadowy altar of Dithmenos.
  3320 | D:4      | Became a worshipper of Dithmenos the Shadowed
  3607 | D:4      | Reached XP level 7. HP: 32/32 MP: 18/18
  3744 | D:4      | Found a blossoming altar of Fedhas.
  3748 | D:4      | Reached * piety under Dithmenos
  3748 | D:4      | Reached skill level 7 in Stealth
  3760 | D:4      | Reached skill level 4 in Short Blades
  3772 | D:4      | Reached skill level 8 in Spellcasting
  4151 | D:4      | Found a staircase to the Ecumenical Temple.
  4176 | D:4      | Found a snail-covered altar of Cheibriados.
  4221 | D:4      | Found a glowing silver altar of Zin.
  4223 | D:4      | Found a bloodstained altar of Trog.
  4378 | D:5      | Entered Level 5 of the Dungeon
  4389 | D:5      | Noticed Blork the orc
  4497 | D:5      | Killed Blork the orc
  4870 | D:5      | Noticed Edmund
  4873 | D:5      | Killed Edmund
  4873 | D:5      | Reached skill level 8 in Stealth
  4873 | D:5      | Reached XP level 8. HP: 36/36 MP: 21/21
  4911 | D:5      | Reached skill level 5 in Short Blades
  4914 | D:5      | Learned a level 1 spell: Apportation
  5046 | D:5      | Found Vofyoce's Elemental Accessories.
  5117 | D:5      | Noticed Grinder
  5262 | D:5      | Paralysed by Grinder for 3 turns
  5271 | D:5      | Paralysed by Grinder for 3 turns
  5275 | D:5      | Reached skill level 9 in Stealth
  5299 | D:5      | Killed Grinder
  5299 | D:5      | Reached skill level 6 in Short Blades
  5309 | D:5      | Reached skill level 10 in Stealth
  5893 | D:6      | Reached skill level 7 in Short Blades
  6039 | D:6      | Reached skill level 4 in Hexes
  6167 | D:6      | Reached skill level 1 in Fighting
  6231 | D:6      | Found a basalt altar of Yredelemnul.
  6259 | D:6      | Reached ** piety under Dithmenos
  6309 | D:6      | Found a sparkling altar of Nemelex Xobeh.
  6413 | D:6      | Reached skill level 2 in Fighting
  6663 | D:6      | Reached skill level 5 in Hexes
  6663 | D:6      | Reached XP level 9. HP: 39/42 MP: 18/22
  7440 | D:7      | Found Duneclixt's Food Shop.
  7515 | D:7      | Reached skill level 3 in Fighting
  7535 | D:7      | Reached skill level 6 in Hexes
  7730 | D:7      | Found a shadowy altar of Dithmenos.
  8009 | D:7      | Reached skill level 4 in Fighting
  8073 | D:7      | Reached *** piety under Dithmenos
  8106 | D:7      | Reached skill level 7 in Hexes
  8400 | D:8      | Found an oddly glowing altar of Pakellas.
  8400 | D:8      | Noticed Joseph
  8410 | D:8      | Killed Joseph
  8410 | D:8      | Reached skill level 5 in Fighting
  8410 | D:8      | Reached skill level 8 in Hexes
  8527 | D:8      | Found an opulent altar of Gozag.
  8603 | D:8      | Reached XP level 10. HP: 51/51 MP: 23/23
  8753 | D:8      | Reached skill level 9 in Hexes
  9100 | D:9      | Noticed a manticore
  9102 | D:9      | Noticed a hill giant
  9119 | D:9      | Killed a hill giant
  9131 | D:9      | Killed a manticore
  9131 | D:9      | Reached skill level 6 in Fighting
  9385 | D:9      | Reached skill level 10 in Hexes
  9597 | D:9      | Reached **** piety under Dithmenos
  9738 | D:9      | Found a deep blue altar of Sif Muna.
 10053 | D:9      | Reached skill level 4 in Dodging
 10418 | D:9      | Learned a level 3 spell: Ozocubu's Armour
 10443 | D:10     | Entered Level 10 of the Dungeon
 10449 | D:10     | Reached skill level 5 in Dodging
 10505 | D:10     | Reached skill level 1 in Ice Magic
 10527 | D:10     | Reached skill level 6 in Dodging
 10611 | D:10     | Found a staircase to the Lair.
 10611 | D:10     | Noticed an elephant
 10618 | D:10     | Killed an elephant
 10618 | D:10     | Reached skill level 2 in Ice Magic
 10718 | D:10     | Reached skill level 7 in Dodging
 10964 | D:10     | Reached skill level 3 in Ice Magic
 11206 | D:11     | Found a staircase to the Orcish Mines.
 11257 | D:11     | Reached skill level 8 in Dodging
 11497 | D:11     | Noticed a hill giant
 11500 | D:11     | Killed a hill giant
 11500 | D:11     | Reached XP level 11. HP: 56/56 MP: 20/24
 11772 | D:11     | Found a burning altar of Makhleb.
 11774 | D:11     | Noticed a skeletal warrior
 11775 | D:11     | Noticed a skeletal warrior
 11782 | D:11     | Noticed a skeletal warrior
 11955 | D:11     | Killed a skeletal warrior
 11955 | D:11     | Reached skill level 4 in Ice Magic
 11965 | D:11     | Noticed a skeletal warrior
 12262 | D:10     | Killed a skeletal warrior
 12262 | D:10     | Reached skill level 9 in Dodging
 12409 | D:11     | Killed a skeletal warrior
 12580 | D:11     | Noticed a hill giant
 12586 | D:11     | Killed a hill giant
 12591 | D:11     | Reached skill level 5 in Ice Magic
 12616 | D:11     | Reached skill level 10 in Dodging
 12820 | D:11     | Noticed a hill giant
 12824 | D:11     | Killed a hill giant
 13339 | D:11     | Killed a skeletal warrior
 13379 | D:12     | Noticed a skeletal warrior
 13383 | D:12     | Noticed an unseen horror
 13446 | D:12     | Noticed a hill giant
 13449 | D:12     | Noticed Azrael
 13512 | D:12     | Noticed Erolcha
 13514 | D:12     | Noticed Maud
 13518 | D:12     | Reached skill level 11 in Stealth
 13527 | D:12     | Killed Maud
 13527 | D:12     | Reached skill level 11 in Dodging
 13529 | D:12     | Killed Erolcha
 13588 | D:12     | Noticed an unseen horror
 13596 | D:12     | Reached ***** piety under Dithmenos
 13665 | D:12     | Noticed Sonja
 13672 | D:12     | Killed an unseen horror
 13672 | D:12     | Reached skill level 12 in Stealth
 13676 | D:12     | Killed Sonja
 13676 | D:12     | Reached skill level 12 in Dodging
 13701 | D:12     | Killed a hill giant
 14299 | D:12     | Killed Azrael
 14299 | D:12     | Reached skill level 13 in Dodging
 14299 | D:12     | Reached XP level 12. HP: 37/61 MP: 23/25
 14676 | D:12     | Reached skill level 13 in Stealth
 15040 | D:12     | Reached skill level 14 in Stealth
 15773 | D:12     | Reached skill level 15 in Stealth
 15983 | Lair:1   | Entered Level 1 of the Lair of Beasts
 15983 | Lair:1   | Noticed an eight-headed hydra
 15992 | Lair:1   | Killed an eight-headed hydra
 16152 | Lair:1   | Found a bloodstained altar of Trog.
 16171 | Lair:1   | Reached skill level 16 in Stealth
 17004 | Lair:2   | Reached skill level 8 in Short Blades
 17007 | Lair:2   | Reached skill level 7 in Fighting
 17234 | Lair:2   | Reached XP level 13. HP: 37/67 MP: 6/26
 17407 | Lair:2   | Reached skill level 9 in Short Blades
 17644 | Lair:2   | Reached skill level 8 in Fighting
 18005 | Lair:3   | Reached skill level 10 in Short Blades
 18210 | Lair:2   | Reached skill level 1 in Invocations
 18274 | Lair:2   | Reached skill level 9 in Fighting
 18284 | Lair:2   | Reached skill level 2 in Invocations
 18290 | Lair:2   | Reached ****** piety under Dithmenos
 18543 | Lair:2   | Reached skill level 3 in Invocations
 18942 | Lair:2   | Reached skill level 4 in Invocations
 19309 | Lair:3   | Found a staircase to the Shoals.
 19811 | Lair:4   | Found a staircase to the Snake Pit.
 20402 | Lair:4   | Reached skill level 10 in Fighting
 20907 | Lair:5   | Found a dark tunnel.
 20913 | Volcano  | Entered a volcano
 21053 | Lair:5   | Reached skill level 14 in Dodging
 21192 | Lair:5   | Reached skill level 17 in Stealth
 21192 | Lair:5   | Reached XP level 14. HP: 77/77 MP: 23/27
 21692 | Lair:5   | Found a stormy altar of Qazlal.
 21860 | Lair:5   | Reached skill level 18 in Stealth
 21912 | Lair:5   | Learned a level 6 spell: Iron Shot
 22476 | Lair:6   | Reached skill level 1 in Conjurations
 22476 | Lair:6   | Reached skill level 1 in Earth Magic
 22911 | Lair:6   | Reached skill level 2 in Earth Magic
 22933 | Lair:6   | Reached skill level 9 in Spellcasting
 22933 | Lair:6   | Reached skill level 2 in Conjurations
 23467 | Lair:7   | Reached skill level 3 in Earth Magic
 23927 | Lair:7   | Reached skill level 3 in Conjurations
 23985 | Lair:7   | Reached skill level 4 in Earth Magic
 24538 | Lair:7   | Found a staircase to the Slime Pits.
 24865 | Lair:7   | Reached skill level 5 in Earth Magic
 24973 | Lair:7   | Reached skill level 4 in Conjurations
 25174 | Lair:7   | Reached skill level 10 in Spellcasting
 25683 | Lair:8   | Entered Level 8 of the Lair of Beasts
 25725 | Lair:8   | Reached skill level 6 in Earth Magic
 25757 | Lair:8   | Reached XP level 15. HP: 80/80 MP: 30/30
 25915 | Lair:8   | Reached skill level 5 in Conjurations
 26578 | Lair:7   | Reached skill level 7 in Earth Magic
 27137 | Lair:8   | Reached skill level 6 in Conjurations
 27725 | Lair:8   | Reached skill level 8 in Earth Magic
 27747 | Lair:8   | Found a burning altar of Makhleb.
 27809 | Lair:8   | Gained mutation: You can translocate small distances at will. [potion of beneficial mutation]
 28103 | D:13     | Found a portal to a secret trove of treasure.
 28324 | D:13     | Reached skill level 11 in Spellcasting
 28573 | D:13     | Noticed Maurice
 28580 | D:13     | Killed Maurice
 28722 | D:13     | Found a white marble altar of Elyvilon.
 28757 | D:13     | Found a gate to the Vaults.
 30018 | D:14     | Reached skill level 7 in Conjurations
 30119 | D:14     | Reached skill level 9 in Earth Magic
 30223 | D:15     | Entered Level 15 of the Dungeon
 30255 | D:15     | Found a staircase to the Depths.
 30440 | D:15     | Found Xiut Omi's Book Boutique.
 30669 | D:15     | Reached XP level 16. HP: 73/85 MP: 18/32
 31538 | D:15     | Reached skill level 8 in Conjurations
 31657 | D:15     | Reached skill level 10 in Earth Magic
 32027 | D:15     | Found a radiant altar of Vehumet.
 32275 | Orc:1    | Entered Level 1 of the Orcish Mines
 32358 | Orc:1    | Found a roughly hewn altar of Beogh.
 32660 | Orc:2    | Entered Level 2 of the Orcish Mines
 33072 | Orc:2    | Found a staircase to the Elven Halls.
 34966 | Orc:2    | Found Kesothick's General Store.
 34966 | Orc:2    | Found Zitsyvak's Jewellery Shoppe.
 34968 | Orc:2    | Found Viussol's Antique Armour Shoppe.
 34968 | Orc:2    | Found Qebyomeys's Antique Weapon Emporium.
 35118 | Orc:2    | Bought an embroidered robe for 21 gold pieces
 35162 | Orc:2    | Bought a scroll of identify for 20 gold pieces
 35162 | Orc:2    | Bought a potion of flight for 30 gold pieces
 35169 | Orc:2    | Reached skill level 9 in Conjurations
 35169 | Orc:2    | Reached XP level 17. HP: 89/89 MP: 33/33
 35912 | Lair:8   | Found a gateway to Hell.
 35985 | Lair:8   | Reached skill level 11 in Earth Magic
 36972 | Lair:1   | Reached skill level 10 in Conjurations
 37253 | Elf:1    | Entered Level 1 of the Elven Halls
 37290 | Elf:1    | Found a flickering gateway to a bazaar.
 37295 | Bazaar   | Entered a bazaar
 37307 | Bazaar   | Found Buext's Distillery.
 37311 | Bazaar   | Found Kiloaxt's Jewellery Boutique.
 37311 | Bazaar   | Found Sucrapta's Assorted Antiques.
 37312 | Bazaar   | Found Hojosk's Book Boutique.
 37388 | Bazaar   | Bought the ring of Shadows {Umbra +Inv rN+ SInv} for 649 gold pieces
 37395 | Bazaar   | Bought an orange potion for 21 gold pieces
 37395 | Bazaar   | Bought a golden potion for 21 gold pieces
 37395 | Bazaar   | Bought an orange potion for 21 gold pieces
 37400 | Bazaar   | Bought a potion of might for 44 gold pieces
 37426 | Bazaar   | Bought a potion of haste for 110 gold pieces
 37436 | Bazaar   | Bought a +4 ring of protection for 612 gold pieces
 37450 | Bazaar   | Bought a potion of heal wounds for 55 gold pieces
 37462 | Bazaar   | Bought an uncursed amulet of faith for 680 gold pieces
 37472 | Bazaar   | Bought 2 potions of haste for 220 gold pieces
 37625 | Elf:1    | Reached skill level 1 in Evocations
 37672 | Elf:1    | Reached skill level 2 in Evocations
 37822 | Elf:1    | Found an ancient bone altar of Kikubaaqudgha.
 37889 | Elf:1    | Reached skill level 3 in Evocations
 38384 | Elf:1    | Reached skill level 4 in Evocations
 38764 | Elf:1    | Reached skill level 5 in Evocations
 39814 | Elf:2    | Noticed Louise
 39883 | Elf:2    | Found a runed gate.
 39883 | Elf:2    | Found a runed gate.
 39883 | Elf:2    | Found a runed gate.
 39891 | Elf:2    | Killed Louise
 39891 | Elf:2    | Reached skill level 12 in Earth Magic
 39892 | Elf:2    | Reached XP level 18. HP: 93/93 MP: 34/34
 40508 | Elf:2    | Reached skill level 11 in Conjurations
 41338 | Elf:3    | Entered Level 3 of the Elven Halls
 41338 | Elf:3    | Noticed Roxanne
 41652 | Shoals:1 | Entered Level 1 of the Shoals
 41756 | Shoals:1 | Reached skill level 13 in Earth Magic
 42635 | Shoals:1 | Drowned by a water nymph

Vault maps used:
D:1:      dpeg_arrival_signposts, corexii_corridor_pit
D:2:      xom_butterflies, lemuel_round_altar, nemelex_lonely_heart_becter
D:3:      okawaru_altar_gauntlet_db, first_bread, uniq_sigmund
D:4:      nicolae_overflow_crystal_walls, kennysheep_mini,
          nicolae_overflow_hidden_temple, minmay_temple_entry_glass,
          grunt_dithmenos_smoke
D:5:      minivault_26, minmay_misc_feat_secret_circle, nicolae_elemental_shop,
          uniq_edmund, uniq_grinder, uniq_blork_the_orc
D:6:      kennysheep_kobold_camp, yredelemnul_altar_generic, nemelex_deck
D:7:      marbit_many_paths, serial_shops, shop
D:8:      grunt_pakellas_salt, nicolae_gozag_seed_capital, grunt_pizzeria,
          uniq_joseph
D:9:      led_sif_book, st_stairs_8, billiards_dpeg
D:10:     david_lair_generic
D:11:     david_orc_2, basic_altar
D:12:     onia_ninara_cookie, uniq_erolcha, uniq_sonja, uniq_azrael, uniq_maud
D:13:     lightli_vaults_fourway_checkpoint, nicolae_trove_entry_path_of_doom,
          elyvilon_altar_5, uniq_maurice
D:14:     minmay_stone_trees_medium, glass_columns_a
D:15:     grunt_enter_depths_snipers, lemuel_coloured_pillars_altar,
          serial_shops, shop
Lair:1:   basic_altar, serial_bayou_shore_a
Lair:2:   mu_elephants_graveyard, st_stairs_12, zaba_anthell
Lair:3:   minmay_shoals_entry_centaurs
Lair:4:   guppyfry_snake_entry_garden, grunt_megastairs_4
Lair:5:   basic_altar, nicolae_volcano_entry_hallway, beast_lair_carwin_8,
          lemuel_fruit_tree
Lair:6:   special_room, kennysheep_catoblepas_arena
Lair:7:   minmay_slime_entry_jelly_boxes, st_stairs_4
Lair:8:   evil_forest, grunt_megastairs_1
Orc:1:    basic_altar, nicolae_orc_crystal_geode
Orc:2:    st_orc_congregation
Elf:1:    basic_altar, serial_shops, bzr_entry_road, hangedman_elf_disciples
Elf:2:    uniq_louise
Elf:3:    nooodl_elf_gasket, uniq_roxanne
Bazaar:   bazaar_minmay_cross
Volcano:  volcano_caves

Vanquished Creatures
  A kraken
  2 orc warlords Louise Maud
  2 deep elf sorcerers Azrael
  A deep elf demonologist
  2 dire elephants
  A yaktaur captain
  An ettin
  4 vault guards
  A merfolk impaler Erolcha
  15 hydras
  4 centaur warriors
  4 catoblepae
  21 death yaks
  4 death knights
  35 dancing weapons
  A queen ant
  3 orc high priests Sonja
  A sun demon
  10 deep elf knights
  7 skeletal warriors
  A death drake (shapeshifter)
  2 unseen horrors
  4 sea snakes
  2 wizards
  11 deep elf archers
  8 hill giants
  4 phantasmal warriors
  39 deep elf magi
  4 orc knights
  6 orc sorcerers
  2 griffons
  4 ugly things
  A siren
  A water nymph
  4 manticores
  2 cyclopes
  A sixfirhy
  36 elephants Joseph Maurice
  6 centaur zombies
  A smoke demon
  8 black mambas
  3 gargoyles
  2 orange demons
  2 freezing wraiths
  13 spiny frogs
  A yaktaur
  A kobold demonologist
  2 efreet
  5 komodo dragons
  A fire drake
  2 ice devils
  A guardian mummy
  5 red devils
  3 merfolk
  A tengu conjurer Grinder
  2 two-headed ogres
  A wind drake
  4 trolls
  17 blink frogs
  8 slime creatures Sigmund
  A shadow
  A snapping turtle
  7 wraiths
  A vampire
  4 water elementals
  8 wyverns
  39 yaks
  An air elemental
  7 fire elementals
  The ghost of Duffy the Sneak, an amateur SpEn
  A human
  5 basilisks
  2 hungry ghosts
  10 vampire mosquitoes
  27 wolves
  11 hippogriffs
  6 wargs Edmund
  3 nagas
  12 water moccasins
  2 hell hounds
  11 soldier ants
  5 ice beasts
  9 porcupines
  8 sky beasts
  36 orc warriors
  A wasp
  2 necrophages
  3 phantoms
  6 boggarts
  12 ogres
  18 crocodiles
  13 centaurs
  6 big kobolds Blork the orc
  20 giant frogs
  2 earth elementals
  3 scorpions
  8 killer bees
  15 wights
  5 crimson imps
  A wasp zombie
  2 giant frog zombies
  16 jellies
  A quasit
  10 hounds
  27 orc priests
  5 centaur skeletons
  3 giant frog skeletons
  7 iguanas
  32 orc wizards
  46 worker ants
  27 sheep
  2 hound zombies
  2 hound skeletons
  A worker ant zombie
  2 gnolls
  15 adders
  76 river rats
  3 shadow imps
  A giant eyeball
  5 oozes
  2 adder skeletons
  An adder zombie
  A worm
  5 giant geckos
  107 orcs
  7 bats
  4 giant cockroaches
  5 goblins
  6 hobgoblins
  14 jackals
  45 kobolds
  7 quokkas
  7 giant newts
  A jackal zombie
  A quokka skeleton
  8 rats
  47 fungi
  12 plants
1248 creatures vanquished.
